 Dungeon Crawl Stone Soup version 0.27-a0-1191-g601b473118 (webtiles) character file.

Game seed: 2231740843856141174

21 polve the Slasher (level 2, -5/22 HPs)
             Began as a Demonspawn Gladiator on May 23, 2021.
             Slain by a worm (9 damage)
             ... on level 2 of the Dungeon.
             The game lasted 00:00:30 (1674 turns).

polve the Slasher (Demonspawn Gladiator)            Turns: 1674, Time: 00:00:31

Health: -5/22      AC:  4    Str: 14    XL:     2   Next: 62%
Magic:  2/2        EV: 12    Int:  9    God:
Gold:   40         SH:  4    Dex: 14    Spells: 1/1 levels left

rFire    . . .     SeeInvis .   a - +0 long sword
rCold    . . .     Faith    .   (no shield)
rNeg     . . .     Spirit   .   b - +0 leather armour
rPois    .         Reflect  .   c - +0 helmet
rElec    .         Harm     .   (no cloak)
rCorr    .         Rampage  .   (no gloves)
Will     .....                  (no boots)
Stlth    +.........             (no amulet)
HPRegen  0.07/turn              (no ring)
MPRegen  0.08/turn              (no ring)

@: no status effects
A: condensation shield
a: no special abilities


You were on level 2 of the Dungeon.
You visited 1 branch of the dungeon, and saw 2 of its levels.

You collected 40 gold pieces.

Inventory:

Hand Weapons
 a - a +0 long sword (weapon)
Missiles
 d - 3 throwing nets (quivered)
Armour
 b - a +0 leather armour (worn)
 c - a +0 helmet (worn)
Scrolls
 f - a scroll of blinking {unknown}
 h - a scroll of teleportation {unknown}
 i - a scroll of magic mapping {unknown}
Potions
 e - a potion of degeneration {unknown}
 g - a potion of heal wounds {unknown}


   Skills:
 - Level 2.0 Fighting
 + Level 3.6 Long Blades
 - Level 1.7 Throwing
 - Level 2.6 Dodging


You had one spell level left.
You didn't know any spells.
Your spell library contained the following spells:

 Spells                   Type           Power      Damage    Failure   Level
 Magic Dart               Conj           0%         1d3       45%         1
 Searing Ray              Conj           0%         3d3       61%         2
 Dazzling Flash           Conj/Hex       0%         N/A       83%         3
 Fulminant Prism          Conj/Hex       0%         3d6       99%         4
 Iskenderun's Mystic Bla  Conj/Tloc      0%         2d3       99%         4


Dungeon Overview and Level Annotations

Branches:
Dungeon (2/15)

Altars:


Innate Abilities, Weirdness & Mutations

A meltable shield of frost defends you. (SH +4)


Message History

You are too injured to fight recklessly!
You are too injured to fight recklessly!
You are too injured to fight recklessly!
You are too injured to fight recklessly!
You are too injured to fight recklessly!
You are too injured to fight recklessly!
You are too injured to fight recklessly!
You are too injured to fight recklessly!
A worm is nearby!
A worm is nearby!
You completely miss the worm.
The worm is moderately wounded.
The worm bites you but does no damage.
You hit the worm.
The worm is moderately wounded.
You block the worm's attack.
You hit the worm.
The worm is moderately wounded.
You hit the worm.
The worm is heavily wounded.
The worm barely misses you.
You hit the worm.
The worm is heavily wounded.
The worm bites you!
* * * LOW HITPOINT WARNING * * *
You hit the worm but do no damage.
The worm is heavily wounded.
You hit the worm.
The worm is heavily wounded.
The worm misses you.
You hit the worm.
The worm is severely wounded.
The worm bites you.
* * * LOW HITPOINT WARNING * * *
A worm is nearby!
A worm is nearby!
You hit the worm.
The worm is almost dead.
The worm bites you!
You die...

### ......
.....# #.##.#
#.##.# #.##w#
#.##@###.#.
##..........#
#.........###
#.###.#####
###.# #.#
..#.# #.#
#.#.# #.#
#.#.# #.#
#.#.# .##


You could see a worm.

Vanquished Creatures
  4 bats (D:1)
  4 endoplasms
  2 hobgoblins
  4 kobolds
  A frilled lizard (D:1)
  3 rats (D:1)
18 creatures vanquished.

Notes
Turn   | Place    | Note
-------+----------+-------------------------------------------
     0 | D:1      | polve the Demonspawn Gladiator began the quest for the Orb.
     0 | D:1      | Reached XP level 1. HP: 16/16 MP: 1/1
   540 | D:1      | Reached skill level 3 in Long Blades
   824 | D:1      | Gained mutation: A meltable shield of frost defends you.
                  | (SH +4) [demonic ancestry]
   824 | D:1      | Reached XP level 2. HP: 21/22 MP: 2/2
  1674 | D:2      | Slain by a worm

Illustrated notes

Levels and vault maps discovered:
D:1:      giann_wishing_wells, layout_loops_corners,
          amcnicky_mini_corridor_feature
D:2:      layout_loops_ring, shapermc_ecumenical_altar_hornbeckon

Skill      XL: |  1 |
---------------+----+-----
Long Blades    | 3 |  3.6
Fighting       | |  2.0
Throwing       | |  1.7
Dodging        | |  2.6

Action                   || total
-------------------------++-------
Melee: Long sword        ||    63
 Stab: Sleeping          ||     1
Armor: Leather armour    ||    17
Dodge: Dodged            ||    37
Block: Other             ||     6
       Rpst.: Long sword ||    12

Table legend: (Time is in decaauts)
 A = Elapsed time spent in this place.
 B = Non-inter-level travel time spent in this place.
 C = Inter-level travel time spent in this place.
 D = Time resting spent in this place.
 E = Time spent auto-exploring this place.
 F = Levels seen in this place.
 G = Mean time per level.
                   A        B        C        D        E       F      G
               +--------+--------+--------+--------+--------+-----+--------+
         Total |   1688 |   1649 |     39 |      0 |   1502 |   2 |  844.0 |
       Dungeon |   1688 |   1649 |     39 |      0 |   1502 |   2 |  844.0 |
               +--------+--------+--------+--------+--------+-----+--------+

Top non-repeatable levels by time:
     D:1: 1425 daAuts
     D:2: 263 daAuts
